Map: Daybreak LE (Void)

Players

Fropez - Winner!

  • Race: Protoss Protoss
  • League: Gold
  • Spawn Location: 1:00

AmigoZargon

  • Race: Protoss Protoss
  • League: Gold
  • Spawn Location: 7:00

VOD

Have the link to the VOD?

Description

Time

  • Played on: Jan. 12, 2017, 6:09 p.m.
  • Length: 5:48
Show
View Real Time Build Order
Export as new Build Order

Fropez Protoss - Winner!

Build Orders: 1 Gate Expand, Blink Stalkers 

Get SALT Encoding   

  12  0:01  Probe (Chrono Boost)  
  14  0:14  Probe (Chrono Boost)  
  14  0:20  Pylon  
  14  0:25  Probe (Chrono Boost)  
  15  0:38  Probe (Chrono Boost)  
  15  0:40  Gateway  
  16  0:48  Probe (Chrono Boost)  
  17  0:50  Assimilator  
  17  0:59  Probe (Chrono Boost)  
  18  1:09  Probe (Chrono Boost)  
  19  1:20  Probe (Chrono Boost)  
  20  1:29  Cybernetics Core  
  20  1:30  Probe (Chrono Boost)  
  21  1:41  Nexus  
  21  1:50  Pylon  
  21  1:52  Probe (Chrono Boost)  
  22  2:06  Assimilator  
  24  2:09  Mothership Core (Chrono Boost)  
  24  2:15  Warp Gate  
  24  2:17  Pylon  
  24  2:20  Pylon  
  25  2:30  Probe (Chrono Boost)  
  24  2:40  Probe (Chrono Boost)  
  24  2:43  Gateway  
  27  2:45  Stalker  
  27  2:51  Probe (Chrono Boost)  
  28  2:54  Probe (Chrono Boost)  
  29  3:01  Probe (Chrono Boost)  
  30  3:09  Twilight Council  
  30  3:15  Stalker  
  30  3:18  Probe (Chrono Boost)  
  33  3:26  Probe (Chrono Boost)  
  34  3:31  Stalker  
  37  3:41  Blink, Gateway  
  37  3:42  Probe (Chrono Boost)  
  37  3:55  Stalker  
  39  3:57  Probe (Chrono Boost)  
  39  3:58  Probe (Chrono Boost)  
  42  4:10  Probe (Chrono Boost)  
  42  4:25  Probe (Chrono Boost)  
  42  4:26  Probe (Chrono Boost), Gateway  
  42  4:27  Gateway  
  44  4:40  Stalker x3  
  48  4:49  Probe (Chrono Boost)  
  48  4:51  Probe (Chrono Boost)  
  46  5:00  Probe (Chrono Boost)  
  46  5:06  Stalker x3  
  51  5:14  Pylon  
  47  5:21  Assimilator  
  47  5:24  Assimilator  
  47  5:26  Stalker x2  
  49  5:36  Stalker x3  
Show
View Real Time Build Order
Export as new Build Order

AmigoZargon Protoss 

Build Orders:  

Get SALT Encoding   

  12  0:01  Probe (Chrono Boost)  
  13  0:11  Probe (Chrono Boost)  
  14  0:19  Pylon  
  14  0:22  Probe (Chrono Boost)  
  15  0:37  Probe (Chrono Boost)  
  15  0:38  Gateway  
  16  0:48  Probe (Chrono Boost), Assimilator  
  17  0:54  Assimilator  
  17  0:58  Probe (Chrono Boost)  
  18  1:09  Probe (Chrono Boost)  
  19  1:19  Probe (Chrono Boost)  
  20  1:30  Probe (Chrono Boost), Cybernetics Core  
  20  1:31  Gateway  
  21  1:40  Probe (Chrono Boost)  
  22  1:51  Probe (Chrono Boost)  
  23  2:01  Warp Gate  
  23  2:05  Pylon  
  23  2:17  Pylon  
  23  2:23  Stalker  
  23  2:25  Pylon  
  23  2:26  Mothership Core (Chrono Boost)  
  27  2:32  Stalker  
  29  2:51  Robotics Facility  
  29  3:07  Stalker  
  29  3:08  Gateway  
  31  3:33  Warp Prism  
  29  4:25  Stalker x3  
  33  4:49  Stalker x3  
  39  4:55  Forge  
  31  5:12  Stalker x3  
Tags
 
Composition
Blink Stalkers
League
GoldGold
Matchup
PvP
Replay Pack
All Mines
Spawn Locations
Cross Positions
Add a new tag
Caveats
  • Supply blocks, unpowered buildings, or Contaminate may cause inaccurate times.
  • Supply counts are checked every 10 seconds.